[Event "Titled Tuesday Blitz January 31 Late 2023"]
[White "Can, Melih Kaan"]
[Black "Aarav Dengla"]
[WhiteFideId "6317383"]
[BlackFideId "45059756"]
[WhiteElo "2069"]
[BlackElo "2343"]
[Result "1-0"]
[Round "02"]
[TimeControl "180+2"]
[Date "2023.01.31"]
[WhiteClock "0:00:04"]
[BlackClock "0:00:17"]

1. d4 d5 2. c4 e6 3. Nf3 a6 4. g3 dxc4 5. Bg2 Nc6 6. O-O Nf6 7. e3 Rb8 8. Qe2 b5 9. b3 cxb3 10. axb3 Bb7 11. Nc3 Bb4 12. Bb2 O-O 13. Rfc1 Qe7 14. Ng5 Na5 15. Bxb7 Rxb7 16. Qc2 c5 17. dxc5 Rc8 18. Nce4 Nxe4 19. Nxe4 Rd7 20. Bc3 Nc6 21. Rxa6 Nb8 22. Ra8 Bxc3 23. Qxc3 f5 24. Nd6 Rxd6 25. cxd6 Rxc3 26. Rxb8+ Kf7 27. dxe7 Rxc1+ 28. Kg2 Kxe7 29. Rxb5 Rb1 30. Rb7+ Kf6 31. h4 h6 32. b4 g5 33. hxg5+ hxg5 34. b5 Rb2 35. b6 g4 36. Rb8 Ke5 37. b7 Rb1 38. Kh2 Ke4 39. Kg2 e5 40. Rc8 Rxb7 41. Rc4+ Kd5 42. Ra4 Ke6 43. Ra5 Kf6 44. Ra6+ Kg5 45. Ra5 Re7 46. Rb5 Re6 47. Ra5 Kf6 48. Rb5 Rd6 49. Ra5 Ke6 50. Rb5 Rc6 51. Ra5 Rb6 52. Rc5 Kd6 53. Ra5 Rc6 54. Rb5 Ra6 55. Rb8 Kd5 56. Rd8+ Ke4 57. Rb8 Kd3 58. Rb3+ Kc4 59. Rb8 Ra5 60. Rd8 Kc3 61. Rd7 Kc2 62. Rf7 e4 63. Rd7 Kc1 64. Rd6 Rc5 65. Rd7 Kc2 66. Rd6 Kc3 67. Rd4 Rb5 68. Rd6 Kc4 69. Rd8 Kc5 70. Rd4 Rb2 71. Rd8 Ra2 72. Rf8 Kc4 73. Rxf5 Kd3 74. Rf4 Ke2 75. Rxg4 Ke1 76. Rf4 Re2 77. g4 Kd2 78. g5 Kd3 79. Kg3 Ra2 80. Kg4 Ra1 81. g6 Rg1+ 82. Kf5 Rg2 83. Kf6 Rg1 84. g7 Rg2 85. Kf7 1-0


[Site "https://www.chess.com"]

[Event "Titled Tuesday Blitz January 31 Late 2023"]
[White "Lucassen, Mickey"]
[Black "Mendez Fortes, Eduardo Jesus"]
[WhiteFideId "12919110"]
[BlackFideId "3502376"]
[WhiteElo "2023"]
[BlackElo "2250"]
[Result "0-1"]
[Round "02"]
[TimeControl "180+2"]
[Date "2023.01.31"]
[WhiteClock "0:00:07"]
[BlackClock "0:01:13"]

1. d4 Nf6 2. Nc3 d5 3. Bf4 a6 4. e3 e6 5. g4 b5 6. g5 Nfd7 7. Nf3 Bb7 8. h4 c5 9. Ne2 Nc6 10. c3 Qb6 11. h5 b4 12. Rh4 Be7 13. Rg4 O-O-O 14. Bh3 g6 15. h6 c4 16. Bh2 Qa5 17. Rf4 Rhf8 18. Qd2 Bd6 19. Rg4 Bxh2 20. Nxh2 Kb8 21. f4 Ka7 22. Nf3 Bc8 23. Ne5 Ndxe5 24. fxe5 bxc3 25. bxc3 Bd7 26. Bg2 Ne7 27. e4 dxe4 28. Bxe4 Bc6 29. Ng3 Bxe4 30. Nxe4 Nd5 31. Kf1 Rb8 32. Kg2 Qa3 33. Rc1 Rb2 34. Rc2 Rfb8 35. Kh3 Rxc2 36. Qxc2 Rb2 37. Qd1 Qxa2 38. Qf3 Kb6 39. Nd6 Rh2+ 40. Kg3 Rc2 41. Ne4 Qb1 42. Qxf7 Qg1+ 43. Kf3 Qf1+ 0-1


[Site "https://www.chess.com"]

[Event "Titled Tuesday Blitz January 31 Late 2023"]
[White "Abdyzhaparov, Aidar"]
[Black "Schekachikhin, Maksim"]
[WhiteFideId "13800361"]
[BlackFideId "24177830"]
[WhiteElo "1978"]
[BlackElo "2371"]
[Result "0-1"]
[Round "02"]
[TimeControl "180+2"]
[Date "2023.01.31"]
[WhiteClock "0:00:21"]
[BlackClock "0:00:19"]

1. Nf3 d5 2. c4 e6 3. g3 Nf6 4. Bg2 d4 5. e3 c5 6. b4 dxe3 7. fxe3 cxb4 8. O-O Nbd7 9. Bb2 Qc7 10. Qe2 b6 11. a3 Bb7 12. axb4 Bxb4 13. Na3 a6 14. d4 O-O 15. d5 exd5 16. Nh4 d4 17. Bxb7 Qxb7 18. Bxd4 Qc6 19. Nf5 Rfe8 20. Nxg7 Kxg7 21. Qg4+ Kf8 22. Qh4 Re6 23. Nb5 axb5 24. cxb5 Qe4 25. Bxf6 Nxf6 26. Qxe4 Nxe4 27. Rxa8+ Kg7 28. Rc8 Bc5 29. Rc6 Bxe3+ 30. Kg2 Ng5 31. Rc7 Rf6 32. Rxf6 Kxf6 33. h4 Ne6 34. Rb7 Bc5 35. Kf3 h5 36. Ke4 Nd4 37. Kf4 Nxb5 38. g4 hxg4 39. Kxg4 Nd4 40. Rb8 Nf5 41. h5 Nh6+ 42. Kh4 Bf2+ 43. Kh3 Kg5 44. Kg2 Bc5 45. Rb7 Kxh5 46. Kf3 Kg6 47. Ke4 f5+ 48. Kd5 Kg5 49. Rb8 Ng4 50. Rg8+ Kf4 51. Rg7 Nf6+ 52. Ke6 Ne4 53. Rg2 Kf3 54. Rb2 f4 55. Rb3+ Be3 56. Kf5 Nd6+ 57. Ke6 Nc4 58. Kf5 Kg3 59. Ke4 Nd2+ 0-1


[Site "https://www.chess.com"]

[Event "Titled Tuesday Blitz January 31 Late 2023"]
[White "Rian, Kapriaga"]
[Black "Fiorito, Francisco"]
[WhiteFideId "7103263"]
[BlackFideId "180165"]
[WhiteElo "2089"]
[BlackElo "2305"]
[Result "0-1"]
[Round "02"]
[TimeControl "180+2"]
[Date "2023.01.31"]
[WhiteClock "0:00:01"]
[BlackClock "0:00:57"]

1. d4 Nf6 2. Nf3 g6 3. Bg5 Bg7 4. Nbd2 d5 5. e3 h6 6. Bh4 O-O 7. Be2 c5 8. c3 Nbd7 9. O-O Qc7 10. Bg3 Qb6 11. Qb3 Nb8 12. Qa3 cxd4 13. exd4 Nc6 14. Rfe1 Bf5 15. Bf1 Rfe8 16. Ne5 Bf8 17. Qb3 Rad8 18. Qxb6 axb6 19. a4 Rc8 20. h3 g5 21. Nxc6 bxc6 22. Ba6 Rcd8 23. Bc7 Ra8 24. Bb7 Ra7 25. Bxc6 Rxc7 26. Bxe8 Nxe8 27. a5 bxa5 28. Rxa5 e6 29. Ra8 Nf6 30. Rea1 Rb7 31. b4 Rc7 32. R1a3 Kg7 33. f3 Bd6 34. Kf2 h5 35. R8a7 Rc8 36. Rb7 h4 37. Raa7 Bg6 38. Nf1 Rxc3 39. Ne3 Bd3 40. Ng4 Bg3+ 0-1


[Site "https://www.chess.com"]

[Event "Titled Tuesday Blitz January 31 Late 2023"]
[White "Gomes, Luiz Alexandre de Souza"]
[Black "Goldin, Alexander"]
[WhiteFideId "2102790"]
[BlackFideId "2019540"]
[WhiteElo "2254"]
[BlackElo "2542"]
[Result "0-1"]
[Round "02"]
[TimeControl "180+2"]
[Date "2023.01.31"]
[WhiteClock "0:01:02"]
[BlackClock "0:00:48"]

1. e4 c5 2. Nf3 Nc6 3. Bb5 g6 4. O-O Bg7 5. c3 Nf6 6. d3 Qb6 7. Ba4 O-O 8. Nbd2 d6 9. h3 a6 10. Re1 Qc7 11. Nf1 b5 12. Bc2 e5 13. Bg5 Be6 14. Ne3 h6 15. Bxf6 Bxf6 16. Bb3 Ne7 17. Nd5 Bxd5 18. Bxd5 Nxd5 19. exd5 Bg7 20. a4 f5 21. axb5 axb5 22. Qb3 Qb7 23. Nd2 Ra6 24. Rxa6 Qxa6 25. f4 exf4 26. Re6 Kh7 27. Nf3 Rf7 28. Kh2 Bf6 29. Qd1 Kg7 30. Qe2 Qb6 31. Nd2 Qc7 32. Nf3 Re7 33. Qe1 Qd7 34. Re2 Rxe2 35. Qxe2 Qe7 36. Qc2 g5 37. Qb3 g4 38. Ng1 f3 39. gxf3 Qe1 40. Qc2 Be5+ 41. Kg2 Qg3+ 42. Kf1 gxh3 0-1


[Site "https://www.chess.com"]

[Event "Titled Tuesday Blitz January 31 Late 2023"]
[White "Fernandez Siles, Luis"]
[Black "Yedidia, Daniel"]
[WhiteFideId "2209420"]
[BlackFideId "30905907"]
[WhiteElo "2218"]
[BlackElo "2041"]
[Result "1-0"]
[Round "02"]
[TimeControl "180+2"]
[Date "2023.01.31"]
[WhiteClock "0:01:09"]
[BlackClock "0:00:44"]

1. d4 Nf6 2. c4 e6 3. Nc3 Bb4 4. e3 O-O 5. Ne2 c5 6. a3 Bxc3+ 7. Nxc3 cxd4 8. exd4 d5 9. Bg5 Nbd7 10. cxd5 exd5 11. Be2 h6 12. Bh4 Qb6 13. O-O Qxb2 14. Na4 Qxa1 15. Qxa1 Re8 16. Bf3 b6 17. Nc3 Bb7 18. Re1 Rxe1+ 19. Qxe1 Re8 20. Qd2 a6 21. h3 b5 22. g4 Rc8 23. g5 hxg5 24. Bxg5 Nh7 25. Bf4 Nb6 26. Ne2 Nc4 27. Qb4 Re8 28. Nc3 Nf6 29. Bg5 Ne4 30. Bxe4 dxe4 31. d5 f6 32. Be3 Ne5 33. d6 Nf3+ 34. Kf1 f5 35. d7 1-0


[Site "https://www.chess.com"]

[Event "Titled Tuesday Blitz January 31 Late 2023"]
[White "Smith, Garrett L"]
[Black "Graif, William"]
[WhiteFideId "2024829"]
[BlackFideId "2609835"]
[WhiteElo "2047"]
[BlackElo "2304"]
[Result "1-0"]
[Round "02"]
[TimeControl "180+2"]
[Date "2023.01.31"]
[WhiteClock "0:00:50"]
[BlackClock "0:00:06"]

1. e4 e5 2. Nf3 Bc5 3. Bc4 Nf6 4. d3 Nc6 5. O-O d6 6. c3 a6 7. b4 Ba7 8. a4 h6 9. Be3 Bxe3 10. fxe3 O-O 11. Nbd2 d5 12. exd5 Nxd5 13. Re1 Re8 14. Qb3 Be6 15. Ne4 b5 16. axb5 axb5 17. Rxa8 Qxa8 18. Bxd5 Bxd5 19. Qxd5 Qb7 20. Nc5 Qb6 21. Ra1 Rd8 22. Qe4 f6 23. Ra6 Qb8 24. Qxc6 e4 25. Qe6+ Kh8 26. Qxe4 Re8 27. Qf4 Qd8 28. d4 Qd5 29. h4 Qc4 30. Ra3 Qe2 31. Nd7 Rxe3 32. Ra8+ Kh7 33. Qf5+ g6 34. Nxf6+ Kg7 35. Rg8+ Kf7 36. Ne5+ Rxe5 37. Qxe5 Qd1+ 38. Kh2 Qd2 39. Rf8+ Kg7 40. Qe7# 1-0


[Site "https://www.chess.com"]

[Event "Titled Tuesday Blitz January 31 Late 2023"]
[White "Todev, Simeon"]
[Black "Krishnan, Varun"]
[WhiteFideId "2925133"]
[BlackFideId "5054508"]
[WhiteElo "2033"]
[BlackElo "2341"]
[Result "0-1"]
[Round "02"]
[TimeControl "180+2"]
[Date "2023.01.31"]
[WhiteClock "0:00:01"]
[BlackClock "0:01:29"]

1. e4 e5 2. Nf3 Nc6 3. d4 exd4 4. Bc4 Nf6 5. O-O Nxe4 6. Re1 d5 7. Bxd5 Qxd5 8. Nc3 Qd8 9. Nxe4 Be7 10. Bg5 O-O 11. Bxe7 Qxe7 12. Nxd4 Nxd4 13. Qxd4 Bf5 14. Ng3 Qd7 15. Qxd7 Bxd7 16. Rad1 Rad8 17. Ne4 Bf5 18. f3 Bxe4 19. Rxd8 Rxd8 20. Rxe4 Kf8 21. Kf2 Rd1 22. Rc4 c6 23. Ke2 Rg1 24. Kf2 Rb1 25. b3 Ke7 26. a4 Kd6 27. Rf4 f6 28. Rd4+ Ke6 29. Re4+ Kd7 30. Rd4+ Kc7 31. Re4 Rb2 32. Re7+ Kb6 33. Rxg7 Rxc2+ 34. Kg3 Rb2 35. Rxh7 Rxb3 36. h4 c5 37. Rf7 c4 38. Rxf6+ Kc5 39. h5 c3 40. Rf5+ Kc4 41. Rf8 Rb6 42. Rc8+ Kd3 43. Rd8+ Kc2 44. Kf4 Kb2 45. g4 c2 46. Rd2 Rb4+ 47. Kg5 Rxa4 48. h6 Ra1 49. Kg6 Rh1 0-1


[Site "https://www.chess.com"]

[Event "Titled Tuesday Blitz January 31 Late 2023"]
[White "Itkis, Boris"]
[Black "Ozates, Tuna"]
[WhiteFideId "1209167"]
[BlackFideId "6354521"]
[WhiteElo "2329"]
[BlackElo "2251"]
[Result "0-1"]
[Round "02"]
[TimeControl "180+2"]
[Date "2023.01.31"]
[WhiteClock "0:00:01"]
[BlackClock "0:00:15"]

1. e4 c5 2. Nf3 e6 3. b3 Nc6 4. Bb2 d5 5. exd5 exd5 6. d4 Nf6 7. Be2 Bd6 8. O-O O-O 9. dxc5 Bxc5 10. Ne5 Nxe5 11. Bxe5 Re8 12. Bb2 Ne4 13. Bf3 Qh4 14. Bd4 Bd6 15. g3 Qh6 16. Re1 Bf5 17. Bg2 Rac8 18. Nc3 Bb4 19. Nxe4 Bxe1 20. Nc5 Bb4 21. Nd3 Ba5 22. Bxd5 Qd6 23. c4 Qg6 24. Nf4 Qh6 25. Qf3 Re7 26. Bxb7 Rce8 27. Be3 Bb6 28. Bc6 Bd7 29. Bxd7 Rxe3 30. fxe3 Rxe3 31. Qf2 Re5 32. c5 Bxc5 0-1


[Site "https://www.chess.com"]

[Event "Titled Tuesday Blitz January 31 Late 2023"]
[White "Alfaro, William"]
[Black "Defend, Balint"]
[WhiteFideId "6100457"]
[BlackFideId "17004853"]
[WhiteElo "2134"]
[BlackElo "1673"]
[Result "0-1"]
[Round "02"]
[TimeControl "180+2"]
[Date "2023.01.31"]
[WhiteClock "0:01:48"]
[BlackClock "0:01:32"]

1. e4 c5 2. Nf3 d6 3. d4 cxd4 4. Nxd4 Nf6 5. Nc3 a6 6. Bg5 e6 7. f4 Qb6 8. Qd2 Qxb2 9. Rb1 Qa3 10. e5 h6 11. Bh4 dxe5 12. fxe5 Nfd7 13. Bg3 Qa5 14. Bd3 Nxe5 15. O-O Nxd3 16. Qxd3 Bc5 17. Kh1 Bxd4 18. Qxd4 O-O 19. Be5 Nc6 20. Qe4 Qxe5 0-1


[Site "https://www.chess.com"]

[Event "Titled Tuesday Blitz January 31 Late 2023"]
[White "Marczuk, Dominik"]
[Black "Sliwicki, Damian"]
[WhiteFideId "1111264"]
[BlackFideId "1127128"]
[WhiteElo "2253"]
[BlackElo "2158"]
[Result "1-0"]
[Round "02"]
[TimeControl "180+2"]
[Date "2023.01.31"]
[WhiteClock "0:00:30"]
[BlackClock "0:00:01"]

1. c4 Nf6 2. g3 e5 3. Bg2 d5 4. cxd5 Nxd5 5. Nc3 Nb6 6. Nf3 Nc6 7. O-O Bd6 8. d3 O-O 9. Be3 h6 10. Rc1 Be6 11. Ne4 Be7 12. a3 Nd5 13. Bc5 b6 14. Bxe7 Ndxe7 15. b4 Qd7 16. b5 Na5 17. Nxe5 Qxb5 18. Rxc7 Qxe5 19. Rxe7 Nc6 20. d4 Qxd4 21. Rc7 Rac8 22. Rxc8 Rxc8 23. Nd6 Rd8 24. Bxc6 Qxd6 25. Qa4 Qc5 26. Bg2 a5 27. Rb1 Rd2 28. Bf3 Kh7 29. Qf4 Qc2 30. Rxb6 Qc1+ 31. Kg2 g6 32. Bg4 Rd1 33. Bxe6 1-0


[Site "https://www.chess.com"]

[Event "Titled Tuesday Blitz January 31 Late 2023"]
[White "Kalajzic, Ivan"]
[Black "Ibadov, Dashgyn"]
[WhiteFideId "14506378"]
[BlackFideId "24107514"]
[WhiteElo "2062"]
[BlackElo "2391"]
[Result "0-1"]
[Round "02"]
[TimeControl "180+2"]
[Date "2023.01.31"]
[WhiteClock "0:00:09"]
[BlackClock "0:00:11"]

1. b3 Nf6 2. Bb2 d5 3. e3 Bf5 4. Nf3 e6 5. d4 Be7 6. Bd3 Bxd3 7. cxd3 O-O 8. Nbd2 Nbd7 9. O-O a5 10. a3 a4 11. b4 b5 12. Ne5 Nxe5 13. dxe5 Nd7 14. f4 f6 15. Nf3 fxe5 16. Nxe5 Nxe5 17. Bxe5 Bf6 18. d4 Bxe5 19. fxe5 Qd7 20. Qg4 Rxf1+ 21. Rxf1 Rf8 22. Rf4 Qc6 23. Kf2 Rxf4+ 24. exf4 Qc2+ 25. Kg3 Kf7 26. Qh5+ Kf8 27. Kh3 Qd3+ 28. g3 h6 29. Kh4 Qxa3 30. f5 Qxb4 31. fxe6 Qe7+ 32. Kh3 Qxe6+ 33. g4 a3 34. Qh4 g5 35. Qf2+ Kg7 36. Qa2 h5 37. Kg2 Qxg4+ 38. Kh1 Qe4+ 39. Kg1 Qxd4+ 40. Kh1 Qe4+ 41. Kg1 b4 0-1


[Site "https://www.chess.com"]

[Event "Titled Tuesday Blitz January 31 Late 2023"]
[White "Sohal, Tanraj"]
[Black "Onslow, Alfie"]
[WhiteFideId "2608499"]
[BlackFideId "436976"]
[WhiteElo "2234"]
[BlackElo "2157"]
[Result "1-0"]
[Round "02"]
[TimeControl "180+2"]
[Date "2023.01.31"]
[WhiteClock "0:01:05"]
[BlackClock "0:00:01"]

1. d4 d5 2. c4 e6 3. Nc3 c6 4. e3 f5 5. Nf3 Nf6 6. Bd3 Bd6 7. O-O O-O 8. b3 Nbd7 9. Bb2 Ne4 10. Ne2 b6 11. Nd2 Bb7 12. f3 Qg5 13. f4 Qh6 14. Rf3 Ndf6 15. Rh3 Qg6 16. Nf3 Ng4 17. Bxe4 dxe4 18. Ne5 Bxe5 19. fxe5 Rad8 20. Nf4 Qf7 21. Qe2 c5 22. Rh4 cxd4 23. exd4 Qe7 24. Rxg4 fxg4 25. Qxg4 Bc8 26. Re1 Qb4 27. Rxe4 Qd2 28. Qe2 Qxe2 29. Nxe2 Bb7 30. Rf4 Rxf4 31. Nxf4 Kf7 32. Kf2 g5 33. Nh5 Kg6 34. Nf6 h5 35. g3 h4 36. Bc3 Kf5 37. g4+ Kg6 38. h3 Rf8 39. Kg1 Rd8 40. Kf2 a6 41. a4 b5 42. axb5 axb5 43. cxb5 Rb8 44. Nd7 Ra8 45. Nc5 Ra2+ 46. Ke3 Bd5 47. b6 Rh2 48. b7 Bxb7 49. Nxb7 Rxh3+ 50. Kd2 Rg3 51. d5 exd5 52. e6 h3 53. Nd6 h2 54. e7 h1=Q 55. e8=Q+ Kh7 56. Qh8+ Kg6 57. Qg7# 1-0


[Site "https://www.chess.com"]

[Event "Titled Tuesday Blitz January 31 Late 2023"]
[White "Karas, Marek"]
[Black "Bernat, David"]
[WhiteFideId "14928558"]
[BlackFideId "2099225"]
[WhiteElo "2227"]
[BlackElo "1862"]
[Result "1-0"]
[Round "02"]
[TimeControl "180+2"]
[Date "2023.01.31"]
[WhiteClock "0:00:32"]
[BlackClock "0:00:10"]

1. e4 c5 2. Nc3 g6 3. f4 Bg7 4. Nf3 Nc6 5. Bc4 e6 6. O-O Nge7 7. e5 d5 8. exd6 Qxd6 9. Ne4 Qxf4 10. d3 Qc7 11. Qe1 O-O 12. Qh4 Nf5 13. Qh3 Ne5 14. Nxe5 Qxe5 15. c3 Qc7 16. Bf4 e5 17. Bg5 Nd6 18. Qh4 Nxe4 19. dxe4 Be6 20. Bxe6 fxe6 21. Qh3 Qc6 22. Qe3 Rxf1+ 23. Rxf1 Rf8 24. Rxf8+ Bxf8 25. h3 c4 26. Kh2 b6 27. Bf6 Bg7 28. Bg5 h6 29. Bh4 Qd6 30. Qe2 g5 31. Bf2 Qf8 32. Be3 Bf6 33. Qxc4 Qd6 34. Qc8+ Kg7 35. Qb7+ Qe7 36. Qxe7+ Bxe7 37. Kg3 Kg6 38. Kf3 h5 39. g4 hxg4+ 40. hxg4 Bd8 41. Ke2 Kf7 42. Kd3 Bf6 43. Kc4 Ke7 44. Kb5 Kd6 45. Ka6 Kc6 46. Kxa7 b5 47. Ka6 Bd8 48. b3 Be7 49. Bf2 Bd8 50. Be3 Be7 51. Bc1 Bd8 52. Ba3 Bb6 53. Be7 Be3 54. Bf6 Bf4 55. Ka5 Bd2 56. Kb4 Bf4 57. a4 bxa4 58. Kxa4 Kc5 59. Ka3 Kb5 60. Kb2 Kc5 61. Kc2 Kb5 62. Kd3 Kc5 63. b4+ Kb5 64. Be7 Kc6 65. c4 Kb6 66. b5 Bc1 67. Bb4 Bf4 68. Bd2 Kc5 69. Be1 Kb6 70. Bf2+ Ka5 71. Kc3 Bh2 72. Kb3 Bf4 73. Be1+ Kb6 74. Kb4 Be3 75. Bc3 Bc5+ 76. Kb3 Bd4 77. Bxd4+ exd4 78. e5 Kc5 79. Kc2 Kxc4 80. b6 d3+ 81. Kd2 Kd4 82. b7 Kxe5 83. b8=Q+ Ke4 84. Qg8 Kf3 85. Qxe6 Kg3 86. Qf5 Kh4 87. Kxd3 Kg3 88. Qxg5 Kh3 89. Qf4 1-0


[Site "https://www.chess.com"]

[Event "Titled Tuesday Blitz January 31 Late 2023"]
[White "Zochowski, Kacper"]
[Black "rikchessmx"]
[WhiteFideId "1125494"]
[WhiteElo "2262"]
[BlackElo "2287"]
[Result "1-0"]
[Round "02"]
[TimeControl "180+2"]
[Date "2023.01.31"]
[WhiteClock "0:00:16"]
[BlackClock "0:00:41"]

1. Nf3 d5 2. c4 dxc4 3. e3 Nf6 4. Bxc4 a6 5. d4 b5 6. Bd3 Bb7 7. O-O e6 8. a4 b4 9. a5 Nbd7 10. Nbd2 c5 11. Nc4 Be7 12. b3 O-O 13. Bb2 Ne4 14. Nfe5 Nxe5 15. dxe5 Qc7 16. Qg4 Nc3 17. Bxc3 bxc3 18. Rac1 Bd5 19. Nb6 Ra7 20. f4 Bxb3 21. Rxc3 c4 22. Bxc4 Bxc4 23. Rxc4 Bc5 24. Qf3 Qe7 25. Rfc1 Rc7 26. Na4 Rfc8 27. Nxc5 Rxc5 28. Rxc5 Rxc5 29. Rxc5 Qxc5 30. Qa8+ Qf8 31. Qxf8+ Kxf8 32. Kf2 Ke8 33. Ke2 Kd7 34. Kd3 Kc6 35. Kc4 h5 36. g3 f6 37. exf6 gxf6 38. e4 e5 39. fxe5 fxe5 40. h3 Kd6 41. g4 hxg4 42. hxg4 Ke6 43. Kc5 Kf6 44. Kd5 Kg5 45. Kxe5 Kxg4 46. Kd6 Kf4 47. e5 Kf5 48. e6 Kf6 49. e7 Kf7 50. Kd7 1-0


[Site "https://www.chess.com"]

[Event "Titled Tuesday Blitz January 31 Late 2023"]
[White "Jimenez Almeida, Luis David"]
[Black "Ruiz Aguilar, Pablo Alexander"]
[WhiteFideId "22242244"]
[BlackFideId "4401352"]
[WhiteElo "2242"]
[BlackElo "2161"]
[Result "1-0"]
[Round "02"]
[TimeControl "180+2"]
[Date "2023.01.31"]
[WhiteClock "0:00:27"]
[BlackClock "0:00:17"]

1. e4 c5 2. Nc3 e6 3. Nge2 a6 4. d4 cxd4 5. Nxd4 Qc7 6. g3 Nc6 7. Bg2 Nf6 8. O-O Nxd4 9. Qxd4 Bc5 10. Qd3 d6 11. h3 Bd7 12. Be3 Bxe3 13. Qxe3 Rc8 14. Rad1 b5 15. a3 a5 16. Qd4 Qc5 17. Qxd6 Qxd6 18. Rxd6 b4 19. axb4 axb4 20. Ne2 Rxc2 21. e5 Nd5 22. Ra1 Rxe2 23. Ra8+ Ke7 24. Rxh8 Rxb2 25. Bxd5 exd5 26. Rb8 Bxh3 27. Rb7+ Ke8 28. Ra6 Rb1+ 29. Kh2 Bc8 30. Ra8 Rc1 31. Rxb4 Ke7 32. Rb6 Rc7 33. Ra4 f6 34. exf6+ gxf6 35. Rd4 Be6 36. g4 h6 37. Kg3 Rc3+ 38. f3 Rc7 39. Kf4 Kf7 40. Rb8 Kg7 41. Kg3 Bf7 42. Rb6 Rc3 43. Rf4 d4 44. Rxd4 f5 45. gxf5 Bh5 46. Rd7+ Kf8 47. Rb8+ Be8 48. Rdd8 Re3 49. Kf4 Re7 50. f6 Re1 51. Kf5 h5 52. f4 h4 53. Kg4 Re4 54. Rxe8+ Rxe8 55. Rxe8+ Kxe8 56. Kxh4 Kf7 57. Kg5 Kf8 58. Kg6 Kg8 59. f7+ Kf8 60. f5 Ke7 61. Kg7 Kd6 62. f8=Q+ Ke5 63. f6 Kf4 64. f7 Kg3 65. Qb4 Kg2 66. f8=Q Kg1 67. Qfc5+ Kh1 68. Qb1+ Kg2 69. Qcc2+ Kg3 70. Qbb3+ Kg4 71. Qcc4+ Kg5 72. Qbb5# 1-0


[Site "https://www.chess.com"]

[Event "Titled Tuesday Blitz January 31 Late 2023"]
[White "Rose, Felix"]
[Black "Winterberg, Lukas"]
[WhiteFideId "5105722"]
[BlackFideId "24622702"]
[WhiteElo "2091"]
[BlackElo "2402"]
[Result "0-1"]
[Round "02"]
[TimeControl "180+2"]
[Date "2023.01.31"]
[WhiteClock "0:00:01"]
[BlackClock "0:00:28"]

1. d4 Nf6 2. Bf4 d5 3. e3 c5 4. Nf3 Nc6 5. Nbd2 cxd4 6. exd4 Bf5 7. c3 e6 8. Bb5 Qb6 9. Qa4 Be7 10. Ne5 Rc8 11. O-O O-O 12. Nxc6 bxc6 13. Ba6 Rcd8 14. b4 h6 15. h3 Ne4 16. Nxe4 Bxe4 17. Rfe1 g5 18. Be5 f6 19. Bh2 Kf7 20. f3 Bf5 21. Re2 Bd6 22. Rae1 Bxh2+ 23. Kxh2 Rde8 24. g4 Bg6 25. b5 c5 26. dxc5 Qxc5 27. Qd4 Qd6+ 28. Kg2 Re7 29. c4 Rd8 30. c5 Qb8 31. c6 e5 32. Qc5 d4 33. Rd2 Qb6 34. Qxb6 axb6 35. Rc1 Rc7 36. a4 Ke6 37. a5 Rb8 38. Bb7 bxa5 39. b6 Rbxb7 40. cxb7 Rxb7 41. Ra2 Rxb6 42. Rxa5 Be8 43. Ra7 Bc6 44. Rca1 Rb2+ 45. Kg3 Rb3 46. R1a3 Rxa3 47. Rxa3 Kd5 48. Kf2 Kc5 49. Ra7 e4 50. fxe4 Bxe4 51. Rf7 f5 52. gxf5 Kd6 53. Rf8 Ke5 54. f6 Bg6 55. Ke2 h5 56. Kd2 Ke6 57. Rd8 d3 58. Ke3 Kxf6 59. Rd5 Bf5 60. Ra5 h4 61. Rc5 Kg6 62. Ra5 Bxh3 63. Kxd3 Kh5 64. Ke3 Bd7 65. Kf3 Bc6+ 66. Kf2 Kg4 67. Rc5 Be4 68. Rc4 Kf4 69. Rb4 g4 70. Kg1 g3 71. Rd4 h3 0-1


[Site "https://www.chess.com"]

[Event "Titled Tuesday Blitz January 31 Late 2023"]
[White "Viana Da Costa, Fernando"]
[Black "Szyszylo, Rafal"]
[WhiteFideId "2111900"]
[BlackFideId "1109626"]
[WhiteElo "2228"]
[BlackElo "2091"]
[Result "1/2-1/2"]
[Round "02"]
[TimeControl "180+2"]
[Date "2023.01.31"]
[WhiteClock "0:01:29"]
[BlackClock "0:00:05"]

1. e4 d6 2. d4 g6 3. Nc3 Nf6 4. Be3 c6 5. Qd2 b5 6. f3 Nbd7 7. O-O-O Nb6 8. Bd3 Rb8 9. Kb1 Nc4 10. Bxc4 bxc4 11. Nge2 Qb6 12. b3 h5 13. e5 Nd5 14. Nxd5 cxd5 15. exd6 e6 16. Nc3 Bxd6 17. Bf4 Bd7 18. Bxd6 Qxd6 19. Rhe1 O-O 20. g4 hxg4 21. fxg4 Rfc8 22. Kb2 Rc7 23. Re3 Rbc8 24. Rh3 Qf8 25. Qf4 Qg7 26. Rf1 cxb3 27. axb3 Be8 28. g5 a5 29. Rf2 a4 30. bxa4 Rc4 31. Rd2 Bxa4 32. Qf6 Be8 33. Qxg7+ Kxg7 34. Rf3 Rb8+ 35. Kc1 Rbb4 36. Ne2 Bd7 37. Rc3 Rxc3 38. Nxc3 Rc4 39. Nd1 f6 40. Ne3 Rc6 41. gxf6+ Kxf6 42. Ng4+ Ke7 43. Ne5 Rc3 44. Nxg6+ Kd6 45. Ne5 Rh3 46. Rf2 Bb5 47. Kd2 Ba4 48. Nf7+ Ke7 49. Ng5 Rh4 50. Nf3 Rh3 51. Ne5 Kd6 52. Nd3 Bb5 53. Nf4 Rh6 54. c3 Rf6 55. Ke3 Rh6 56. h3 Bd7 57. Kf3 e5 58. dxe5+ Kxe5 59. Kg3 Kd6 60. h4 Rh8 61. h5 Rg8+ 62. Kh4 Rg4+ 63. Kh3 Rxf4+ 64. Kg3 Rxf2 65. Kxf2 Ke5 66. Ke3 Bf5 67. h6 Bh7 68. Kf3 Kf5 69. Ke3 Ke5 70. Kf3 Bg6 71. Ke3 Bh7 1/2-1/2


[Site "https://www.chess.com"]

[Event "Titled Tuesday Blitz January 31 Late 2023"]
[White "Coelho, Ramyres Santana"]
[Black "Terletsky, Oleg"]
[WhiteFideId "2120690"]
[BlackFideId "14116774"]
[WhiteElo "1981"]
[BlackElo "2160"]
[Result "1-0"]
[Round "02"]
[TimeControl "180+2"]
[Date "2023.01.31"]
[WhiteClock "0:00:17"]
[BlackClock "0:00:05"]

1. e4 e5 2. Nf3 Nc6 3. d4 exd4 4. Bc4 Nf6 5. e5 d5 6. Bb5 Ne4 7. Nxd4 Bc5 8. Nxc6 Bxf2+ 9. Kf1 bxc6 10. Bxc6+ Kf8 11. Qd3 Bf5 12. Qf3 Qc8 13. Bxd5 Qa6+ 14. c4 Rd8 15. Bxe4 Qxc4+ 16. Kxf2 Bxe4 17. Qc3 Qd5 18. Rg1 h5 19. Be3 h4 20. Nd2 Rh5 21. Qc5+ Kg8 22. Qxd5 Bxd5 23. Nf3 h3 24. g4 Rh7 25. Rad1 c6 26. Ng5 Rh6 27. Rg3 Rg6 28. Nxh3 Re8 29. Nf4 Rh6 30. h4 Rxh4 31. Nxd5 cxd5 32. Rxd5 Rh2+ 33. Rg2 Rh1 34. Bxa7 Rb1 35. Bd4 Rd1 36. Ke3 Re1+ 37. Re2 Rg1 38. Kf3 Rf1+ 39. Bf2 Rh1 40. Red2 Rh3+ 41. Bg3 Rh1 42. Rd8 Rb1 43. Rxe8+ 1-0


[Site "https://www.chess.com"]

[Event "Titled Tuesday Blitz January 31 Late 2023"]
[White "Koutlas, Nikolaos"]
[Black "Adury, Anant"]
[WhiteFideId "25827138"]
[BlackFideId "30964687"]
[WhiteElo "2341"]
[BlackElo "2123"]
[Result "1-0"]
[Round "02"]
[TimeControl "180+2"]
[Date "2023.01.31"]
[WhiteClock "0:00:06"]
[BlackClock "0:00:31"]

1. Nf3 g6 2. g3 Bg7 3. Bg2 e5 4. d3 Nc6 5. O-O Nge7 6. c4 d5 7. cxd5 Nxd5 8. a3 O-O 9. Bg5 Qd6 10. Qd2 Be6 11. Bh6 Rfd8 12. Bxg7 Kxg7 13. Rd1 Nd4 14. Nxd4 exd4 15. h4 h5 16. Qg5 c5 17. Nd2 Qe7 18. Qxe7 Nxe7 19. Rdc1 Rac8 20. Bxb7 Rb8 21. Bf3 Rxb2 22. Ne4 c4 23. dxc4 d3 24. exd3 Rxd3 25. Bg2 Nf5 26. Nc5 Rdd2 27. Ne4 Re2 28. Bf3 Rec2 29. c5 Nd4 30. Bd1 Rxc1 31. Rxc1 Bd5 32. Nc3 Bc6 33. Kf1 Nb3 34. Bxb3 Rxb3 35. a4 Kf6 36. Nb5 Bxb5+ 37. axb5 Rxb5 38. Ke2 Ke6 39. Kd3 Kd5 40. c6 Rb3+ 41. Ke2 Rb8 42. Ra1 Ra8 43. c7 Kd6 44. Rxa7 Rc8 45. Ke3 Rxc7 46. Rxc7 Kxc7 47. Kf4 Kd6 48. Kg5 Ke5 49. Kh6 Kf5 50. Kg7 f6 51. Kh6 1-0


[Site "https://www.chess.com"]

[Event "Titled Tuesday Blitz January 31 Late 2023"]
[White "Jeet, Jain"]
[Black "Romero Ruscalleda, Josep"]
[WhiteFideId "5073022"]
[BlackFideId "2231859"]
[WhiteElo "2199"]
[BlackElo "2160"]
[Result "1-0"]
[Round "02"]
[TimeControl "180+2"]
[Date "2023.01.31"]
[WhiteClock "0:00:43"]
[BlackClock "0:00:23"]

1. Nf3 g6 2. g3 Bg7 3. Bg2 e5 4. d3 d6 5. O-O f5 6. c4 Nf6 7. Nc3 O-O 8. Rb1 a5 9. a3 h6 10. b4 Nc6 11. b5 Ne7 12. c5 Be6 13. cxd6 cxd6 14. Nd2 Qd7 15. Na4 Rab8 16. Nc4 g5 17. Nxa5 d5 18. Nc5 Qc8 19. Nxe6 Qxe6 20. Bb2 f4 21. Nb3 Nf5 22. a4 Rbc8 23. Ba3 Rf7 24. a5 e4 25. dxe4 dxe4 26. Nc5 Qe5 27. a6 bxa6 28. bxa6 Rxc5 29. Bxc5 Qxc5 30. Rb7 fxg3 31. hxg3 Nxg3 32. a7 Rf8 33. Qb3+ Kh8 34. Qxg3 Nh5 35. Qb8 Ng3 36. Qxg3 1-0


[Site "https://www.chess.com"]